 Dungeon Crawl Stone Soup version 0.23-a0-666-g28d4f2f0af (webtiles) character file.

3073 EnegeticOcto the Jinx (level 9, 44/44 HPs)
             Began as a Felid Transmuter on Jan 8, 2019.
             Was a Follower of Wu Jian.
             Quit the game on level 10 of the Dungeon.
             The game lasted 00:24:03 (14333 turns).

EnegeticOcto the Jinx (Felid Transmuter)           Turns: 14333, Time: 00:24:04

Health: 44/44      AC:  2    Str:  6    XL:     9   Next: 58%
Magic:  13/13      EV: 18    Int: 19    God:    Wu Jian [*.....]
Gold:   450        SH:  0    Dex: 16    Spells: 1/12 levels left
                                        Lives:  0   Deaths: 3

rFire    . . .     SeeInvis +     - Unarmed
rCold    . . .     Gourm    .   (shield unavailable)
rNeg     . . .     Faith    .   (armour unavailable)
rPois    +         Spirit   .   (helmet unavailable)
rElec    .         Reflect  .   (cloak unavailable)
rCorr    .         Harm     .   (gloves unavailable)
MR       +....                  (boots unavailable)
Stlth    +++++.....             (no amulet)
HPRegen  0.14/turn              f - ring of poison resistance
MPRegen  0.13/turn              q - ring of stealth

@: quick
A: very small, no armour, no weapons or thrown items, stealth, claws 1, fangs 3,
see invisible, carnivore, speed 1, shaggy fur 2, slow metabolism 1, sharp paws
a: Renounce Religion


You were on level 10 of the Dungeon.
You worshipped Wu Jian.
Wu Jian was aware of your devotion.
You were not hungry.

You visited 2 branches of the dungeon, and saw 11 of its levels.

You collected 450 gold pieces.

Inventory:

Missiles
 a - 85 arrows
Jewellery
 f - a ring of poison resistance (left paw)
 q - a ring of stealth (right paw)
 r - an uncursed ring of flight
Wands
 d - a wand of digging (8)
 v - a wand of clouds (4)
 z - a wand of flame (14)
Scrolls
 g - 6 scrolls of remove curse {@r2}
 j - a scroll of fear
 k - 2 scrolls of fog
 s - 2 scrolls of teleportation {@r3 !r}
 t - 4 scrolls of amnesia
 u - 2 scrolls of magic mapping
Potions
 b - a potion of lignification {unknown}
 e - a potion of magic {unknown}
 h - 4 potions of curing {@q1}
 i - 5 potions of might {@q3 !q}
 l - 2 potions of heal wounds {unknown}
 m - a potion of cancellation
 n - 2 potions of berserk rage
 o - 5 potions of brilliance
 p - 2 potions of haste
 w - 2 potions of resistance
 x - 2 potions of mutation
 A - a potion of flight {unknown}
Comestibles
 c - 17 rations


   Skills:
 + Level 8.2 Fighting
 - Level 2.6 Dodging
 - Level 8.1 Stealth
 + Level 8.7 Unarmed Combat
 - Level 2.0 Spellcasting
 + Level 10.0 Hexes
 + Level 9.2 Transmutations


You had one spell level left.
You knew the following spells:

 Your Spells              Type           Power        Failure   Level  Hunger
a - Confuse               Hex            #####...     1%          3    ###....
b - Sticks to Snakes      Tmut           #####...     1%          2    ###....
c - Spider Form           Tmut/Pois      ###.......   8%          3    ###....
d - Beastly Appendage     Tmut           #####.       1%          1    #......
e - Blink                 Tloc           N/A          26%         2    ###....

Your spell library contained the following spells:

 Spells                   Type           Power        Failure   Level  Hunger
 Corona                   Hex            #####..      1%          1    #......
 Magic Dart               Conj           #...         17%         1    #......
 Summon Small Mammal      Summ           #...         17%         1    #......
 Slow                     Hex            #####...     1%          2    ###....
 Tukima's Dance           Hex            #####...     1%          3    ###....
 Ensorcelled Hibernation  Hex/Ice        ###...       3%          2    ###....
 Dazzling Spray           Conj/Hex       ###...       6%          3    ###....
 Summon Guardian Golem    Hex/Summ       ###.....     6%          3    ###....
 Blade Hands              Tmut           #####.....   11%         5    ######.
 Call Imp                 Summ           #.......     26%         2    ###....
 Ice Form                 Ice/Tmut       ###.....     26%         4    #####..
 Call Canine Familiar     Summ           #.......     45%         3    ###....
 Conjure Flame            Conj/Fire      #.......     45%         3    ###....
 Mephitic Cloud           Conj/Pois/Air  #.......     45%         3    ###....
 Summon Ice Beast         Ice/Summ       #.......     86%         4    #####..
 Summon Lightning Spire   Summ/Air       #.......     86%         4    #####..


Dungeon Overview and Level Annotations

Branches:
Dungeon (10/15)            Temple (1/1) D:6            Lair (0/6) D:10
    Orc: D:9-12

Altars:
Ashenzari
Cheibriados
Dithmenos
Elyvilon
Fedhas
Gozag
Hepliaklqana
Kikubaaqudgha
Makhleb
Nemelex Xobeh
Okawaru
Qazlal
Ru
Sif Muna
Trog
Uskayaw
Vehumet
Wu Jian
Xom
Yredelemnul
Zin
The Shining One
Jiyva

Shops:
D:8 :


Innate Abilities, Weirdness & Mutations

You cannot wear armour.
You are incapable of wielding weapons or throwing items.
Your paws allow you to move quietly. (Stealth)
You have sharp claws.
You have razor-sharp teeth.
You have supernaturally acute eyesight. (SInv)
You are carnivorous and can eat meat at any time.
You cover ground quickly.
You are covered in thick fur. (AC +2)
You have a slow metabolism.
Your sharp claws are effective at attacking unaware monsters.


Message History

You see here a water moccasin corpse.
Casting: Sticks to Snakes (safe; 1% risk of failure)
Confirm with . or Enter, or press ? or * to list all spells.
You create a snake!
You now have 85 arrows.
Your ball python misses the porcupine.
The porcupine barely misses your adder.
Your adder bites the porcupine.
The porcupine is poisoned.
Your adder poisons the porcupine!
Your ball python bites the porcupine but does no damage.
Your adder closely misses the porcupine.
The porcupine bites you!
You die...
You are now level 9!
You rejoin the land of the living...
The Council accepts your kill.
You feel a bit more experienced.
Found a +0 short sword.
The skeletal warrior is too close now for your liking.
There are monsters nearby!
There are monsters nearby!
Are you sure you want to abandon this character and quit the game? (Confirm

..........#.###
..............#
..........#..##
#........####.#
.#........###.####
........####...#.###
...#..#...#........##
......###...........#
..........#.....@..##
..........#.......#...#
#.................#.....#
..#........#............#
..##....................#
...#..............).....#
... ..................z.#
... ....z...........z.###
P... ...


You could see a skeletal warrior (wandering).

Vanquished Creatures
  2 two-headed ogres
  Joseph (D:7)
  A troll (D:9)
  A hornet (D:8)
  3 hippogriffs
  6 yaks
  A wyvern (D:9)
  Edmund (D:5)
  A water moccasin (D:10)
  A porcupine (D:10)
  A black bear (D:10)
  3 orc warriors
  2 sky beasts (D:5)
  2 eyes of draining (D:3)
  A necrophage (D:9)
  5 ogres
  3 centaurs
  A big kobold (D:8)
  2 crocodiles
  7 bullfrogs
  A wight (D:9)
  A howler monkey (D:4)
  2 bullfrog zombies (D:5)
  A quasit (D:7)
  5 hounds
  2 bullfrog skeletons
  2 orc priests
  7 orc wizards
  Jessica (D:2)
  6 worker ants
  3 iguanas
  A worker ant zombie (D:6)
  6 gnolls
  3 adders
  A shadow imp (D:5)
  6 oozes (D:1)
  An adder zombie (D:6)
  2 worms
  A dart slug (D:1)
  7 leopard geckos
  27 orcs
  5 bats
  7 giant cockroaches
  4 goblins
  5 hobgoblins
  9 jackals
  7 quokkas
  A ball python (D:3)
  2 frilled lizards
  A giant cockroach zombie (D:5)
  2 jackal skeletons
  9 kobolds
  A quokka skeleton (D:7)
  A quokka zombie (D:8)
  9 rats
194 creatures vanquished.

Vanquished Creatures (collateral kills)
  A porcupine (D:10)
  An orc warrior (D:10)
  An adder (D:2)
  A gnoll (D:3)
  A goblin (D:3)
5 creatures vanquished.

Vanquished Creatures (others)
  17 fungi (D:10)
  3 plants (D:10)
20 creatures vanquished.

Grand Total: 219 creatures vanquished

Notes
Turn   | Place    | Note
-------+----------+-------------------------------------------
     0 | D:1      | EnegeticOcto the Felid Transmuter began the quest for the
                  | Orb.
     0 | D:1      | Reached XP level 1. HP: 9/9 MP: 4/4
     1 | D:1      | Found a runed door.
   151 | D:1      | Reached skill level 1 in Stealth
   178 | D:1      | Reached XP level 2. HP: 11/12 MP: 6/6
   478 | D:1      | Reached XP level 3. HP: 4/16 MP: 5/7
  1078 | D:2      | Learned a level 2 spell: Sticks to Snakes
  1082 | D:2      | Learned a level 3 spell: Spider Form
  1232 | D:2      | Noticed Jessica
  1243 | D:2      | Killed Jessica
  1243 | D:2      | Reached XP level 4. HP: 16/19 MP: 5/8
  1678 | D:2      | Found a shimmering altar of Xom.
  1929 | D:3      | Found a glowing golden altar of the Shining One.
  1971 | D:3      | Reached XP level 5. HP: 9/23 MP: 7/9
  2238 | D:3      | Found a basalt altar of Yredelemnul.
  2583 | D:3      | Slain by a gnoll
  2584 | D:3      | Reached XP level 4. HP: 0/20 MP: 7/8
  2940 | D:3      | Found a bloodstained altar of Trog.
  2940 | D:3      | Noticed an eye of draining
  2940 | D:3      | Noticed an eye of draining
  2968 | D:3      | Killed an eye of draining
  2968 | D:3      | Reached XP level 5. HP: 18/24 MP: 0/9
  2981 | D:3      | Killed an eye of draining
  2981 | D:3      | Gained mutation: You are covered in thick fur. (AC +2)
                  | [Felid growth]
  2981 | D:3      | Reached XP level 6. HP: 22/28 MP: 0/10
  3142 | D:3      | Noticed an angel
  3196 | D:4      | HP: 1/28 [orc wizard/magic dart (7)]
  3845 | D:4      | Reached skill level 5 in Stealth
  4223 | D:4      | Reached XP level 7. HP: 27/31 MP: 8/11
  4573 | D:4      | Reached skill level 5 in Unarmed Combat
  4716 | D:4      | Learned a level 3 spell: Confuse
  4895 | D:5      | Entered Level 5 of the Dungeon
  5192 | D:5      | Noticed Edmund
  5218 | D:5      | Killed Edmund
  5218 | D:5      | Reached skill level 1 in Hexes
  5218 | D:5      | Reached skill level 5 in Transmutations
  5611 | D:5      | Reached skill level 2 in Hexes
  5819 | D:5      | Reached skill level 3 in Hexes
  5825 | D:5      | Reached XP level 8. HP: 13/36 MP: 9/12
  6349 | D:5      | Found a burning altar of Makhleb.
  6638 | D:6      | Reached skill level 4 in Hexes
  6696 | D:6      | Found a staircase to the Ecumenical Temple.
  6701 | Temple   | Entered the Ecumenical Temple
  6781 | D:6      | Reached skill level 5 in Fighting
  7337 | D:6      | Learned a level 2 spell: Blink
  7671 | D:6      | Found a deep blue altar of Sif Muna.
  8013 | D:7      | Noticed Joseph
  8026 | D:7      | Killed Joseph
  8026 | D:7      | Reached skill level 5 in Hexes
  8277 | D:7      | Reached XP level 9. HP: 24/40 MP: 11/13
  8601 | D:7      | HP: 2/40 [hippogriff (7)]
  8601 | D:7      | Mangled by a hippogriff
  8602 | D:7      | Reached XP level 8. HP: -7/37 MP: 5/12
  8604 | D:7      | Killed a hippogriff
  9141 | D:7      | Reached skill level 6 in Hexes
  9913 | D:8      | Noticed a hornet
  9921 | D:8      | Killed a hornet
 10118 | D:8      | Found an iron altar of Okawaru.
 10120 | D:8      | Found a sparkling altar of Nemelex Xobeh.
 10122 | D:8      | Found an ornate altar of the Wu Jian Council.
 10122 | D:8      | Found an ancient bone altar of Kikubaaqudgha.
 10122 | D:8      | Found a glowing silver altar of Zin.
 10122 | D:8      | Found a bloodstained altar of Trog.
 10134 | D:8      | Became a worshipper of the Wu Jian Council
 10454 | D:8      | Noticed a hippogriff
 10480 | D:8      | Killed a hippogriff
 10480 | D:8      | Reached skill level 7 in Hexes
 10480 | D:8      | Reached XP level 9. HP: 34/42 MP: 5/13
 10717 | D:8      | Found Qemizoed's Book Shop.
 10791 | D:8      | Noticed a two-headed ogre
 10811 | D:8      | Killed a two-headed ogre
 11213 | D:9      | Found a snail-covered altar of Cheibriados.
 11307 | D:9      | Found a blossoming altar of Fedhas.
 11329 | D:9      | Reached skill level 8 in Hexes
 11436 | D:9      | Reached * piety under Wu Jian
 11556 | D:9      | HP: 1/43 [ogre/+0 giant spiked club (18)]
 11929 | D:9      | Noticed a troll
 11934 | D:9      | Killed a troll
 12313 | D:10     | Entered Level 10 of the Dungeon
 12337 | D:10     | Noticed a skeletal warrior
 12337 | D:10     | Noticed a skeletal warrior
 12374 | D:9      | Reached XP level 10. HP: 26/47 MP: 11/14
 12516 | D:10     | Noticed a skeletal warrior
 12545 | D:10     | Found a staircase to the Lair.
 12846 | D:9      | Reached skill level 9 in Hexes
 14227 | D:10     | Noticed a two-headed ogre
 14294 | D:10     | Killed a two-headed ogre
 14294 | D:10     | Reached skill level 10 in Hexes
 14311 | D:10     | Slain by a porcupine
 14312 | D:10     | Reached XP level 9. HP: -5/44 MP: 1/13
 14333 | D:10     | Quit the game

Vault maps used:
D:1:      dpeg_arrival_caged_fury
D:2:      lemuel_round_altar, uniq_jessica
D:3:      grunt_temple_overflow_holy_war, first_ration, trog_eyes_of_draining
D:5:      lightli_temple_of_fire, uniq_edmund
D:6:      led_sif_book, minmay_temple_entry_ruins, serial_park_tiny_2
D:7:      uniq_joseph
D:8:      grunt_temple_overflow_open, serial_shops, kennysheep_mini_moat
D:9:      overflow_temple_1_default, slow_altar_1
D:10:     due_lair_maze_entry_diamond, chequers_serial_rivers_small_b
Temple:   pf_slimified_temple

Skill      XL: |  1  2  3  4  5  6  7  8  9 10 |
---------------+-------------------------------+-----
Stealth        | 1 2 3 4 5 6 8 |  8.1
Fighting       | 2 3 4 6 7 8 |  8.2
Transmutations | 3 4 5 7 8 9 |  9.2
Unarmed Combat | 4 5 7 8 |  8.7
Hexes          | 3 7 8 10 | 10.0
Dodging        | |  2.6
Spellcasting   | |  2.0

Action                   |  1- 3 |  4- 6 |  7- 9 | 10-12 || total
-------------------------+-------+-------+-------+-------++-------
Melee: Unarmed           |    97 |   161 |   326 |    86 ||   670
       Bite              |     7 |    10 |    16 |     1 ||    34
       Headbutt          |     9 |    21 |     7 |       ||    37
       Punch             |     1 |     2 |     4 |       ||     7
 Cast: Beastly Appendage |    20 |    15 |     4 |       ||    39
       Sticks to Snakes  |     1 |     8 |     6 |     6 ||    21
       Spider Form       |       |     2 |    21 |     9 ||    32
       Confuse           |       |       |    37 |     7 ||    44
       Blink             |       |       |       |     1 ||     1
Invok: Lunge             |       |       |    21 |    12 ||    33
       Whirlwind         |       |       |     2 |    36 ||    38
 Abil: End Transformatio |       |       |     1 |       ||     1
  Use: Scroll            |     3 |     6 |    10 |       ||    19
 Stab: Sleeping          |       |     6 |    24 |       ||    30
       Confused          |       |       |    16 |     6 ||    22
       Distracted        |       |       |     1 |     1 ||     2
  Eat: Chunk             |     8 |    13 |    26 |     6 ||    53
Armor: Skin              |     6 |     7 |    18 |     2 ||    33
Dodge: Dodged            |    80 |   144 |   234 |    74 ||   532

Table legend:
 A = Non-vault XP
 B = Vault XP
 C = Vault XP percentage of total XP
 D = Non-vault monster count
 E = Vault monster count
 F = Vault count percentage of total count
                 A         B        C        D         E       F
            +---------+---------+-------+---------+---------+-------
      Total |    8242 |    1962 |  19.2 |     165 |      34 |  17.1
            +---------+---------+-------+---------+---------+-------
        D:1 |      23 |      60 |  72.3 |      14 |      16 |  53.3
        D:2 |      45 |      37 |  45.1 |      15 |       1 |   6.2
        D:3 |      99 |     255 |  72.0 |      17 |       4 |  19.0
        D:4 |     379 |       0 |   0.0 |      18 |       0 |   0.0
        D:5 |     901 |     169 |  15.8 |      16 |       1 |   5.9
        D:6 |     263 |      75 |  22.2 |      15 |       2 |  11.8
        D:7 |     666 |     502 |  43.0 |      10 |       1 |   9.1
        D:8 |    1984 |       0 |   0.0 |      32 |       0 |   0.0
        D:9 |    2414 |     197 |   7.5 |      23 |       3 |  11.5
       D:10 |    1468 |     667 |  31.2 |       5 |       6 |  54.5
            +---------+---------+-------+---------+---------+-------
